MLB
NEW YORK YANKEES @ BALTIMORE ORIOLES
08/24/2045
 
TOP OF THE 1ST
New York Yankees batting - Pitching for Baltimore Orioles : RHP Sean Parks
Pitching: RHP Sean Parks
Batting: LHB Jason Peck 0-0: Ground out 4-3 (Groundball, 4, EV 98.1 MPH)
Batting: LHB Jordan de Jesus 0-0: Fly out, F9 (Flyball, 9LS, EV 82.5 MPH)
Batting: LHB Evan Torraville 0-0: Ball
1-0: Called Strike
1-1: DOUBLE (Line Drive, 89XD, EV 110.0 MPH)
Batting: SHB Bartholomeu Chambino 0-0: Called Strike
0-1: Ball
1-1: Ball
2-1: Fly out, F6 (Popup, 6M, EV 76.9 MPH)
Top of the 1st over - 0 runs, 1 hit, 0 errors, 1 left on base; New York 0 - Baltimore 0
BOTTOM OF THE 1ST
Baltimore Orioles batting - Pitching for New York Yankees : RHP John Brice
Pitching: RHP John Brice
Batting: RHB Rudo Garciaparra 0-0: Ball
1-0: SINGLE (Line Drive, 7S, EV 100.6 MPH)
Batting: RHB Andres Leon 0-0: Ball
1-0: Swinging Strike
1-1: Called Strike
1-2: Ground out 5-3 (Groundball, 56S, EV 68.1 MPH)
Rudo Garciaparra to second
Batting: RHB Saimei Kudo 0-0: Called Strike
0-1: Ball
1-1: Foul Ball, location: 2F
1-2: Ground out 6-3 (Groundball, 56D, EV 86.9 MPH)
Batting: SHB Jason Hayes 0-0: SINGLE (Groundball, 4MD, EV 105.0 MPH)
Rudo Garciaparra to third
Runner from 3rd tries for Home, SAFE, throw by CF to home
Batting: LHB Brad Pepin 0-0: Ball
1-0: Swinging Strike
1-1: Ball
2-1: Foul Ball, location: 2F
2-2: 2-RUN HOME RUN (Flyball, 89XD, EV 101.9 MPH), Distance : 408 ft
Batting: LHB Paul Diaz 0-0: Ball
1-0: Ball
2-0: DOUBLE (Line Drive, 7LM, EV 99.4 MPH)
Batting: LHB Gabe Pace 0-0: Ball
1-0: Foul Ball, location: 2F
1-1: Swinging Strike
1-2: Foul Ball, location: 2F
1-2: Strikes out swinging
Bottom of the 1st over - 3 runs, 4 hits, 0 errors, 1 left on base; New York 0 - Baltimore 3
TOP OF THE 2ND
New York Yankees batting - Pitching for Baltimore Orioles : RHP Sean Parks
Batting: LHB Jim Skare 0-0: Foul Ball, location: 2F
0-1: Ball
1-1: Foul Ball, location: 2F
1-2: Ball
2-2: Fly out, F4 (Line Drive, 4, EV 67.5 MPH)
Batting: RHB Geni Prawiranega 0-0: Called Strike
0-1: Foul Ball, location: 2F
0-2: SINGLE (Groundball, 6MD, EV 105.0 MPH)
Batting: LHB David Bramble 0-0: Ball
1-0: Foul Ball, location: 2F
1-1: Ball
2-1: Called Strike
2-2: Ball
3-2: Foul Ball, location: 2F
3-2: Grounds into double play, 4-6-3 (Groundball, 4, EV 106.9 MPH)
Top of the 2nd over - 0 runs, 1 hit, 0 errors, 0 left on base; New York 0 - Baltimore 3
BOTTOM OF THE 2ND
Baltimore Orioles batting - Pitching for New York Yankees : RHP John Brice
Batting: LHB Bob Melley 0-0: Called Strike
0-1: Called Strike
0-2: Ball
1-2: Fly out, F2 (Popup, 2LF, EV 81.9 MPH)
Batting: RHB Darwin Mills 0-0: Called Strike
0-1: Ball
1-1: Swinging Strike
1-2: Strikes out swinging
Batting: RHB Rudo Garciaparra 0-0: Called Strike
0-1: Ball
1-1: SINGLE (Line Drive, 3D, EV 98.8 MPH)
Batting: RHB Andres Leon 0-0: Ball
1-0: TRIPLE (Flyball, 78XD, EV 93.1 MPH)
Rudo Garciaparra scores
Batting: RHB Saimei Kudo 0-0: Foul Ball, location: 2F
0-1: SINGLE (Line Drive, 9S, EV 91.2 MPH)
Andres Leon scores
Batting: SHB Jason Hayes 0-0: TRIPLE (Line Drive, 78XD, EV 106.2 MPH)
Saimei Kudo scores
Pitching: RHP Jose Tavira
Batting: LHB Brad Pepin 0-0: Called Strike
0-1: Ground out U3 (Groundball, 3, EV 92.5 MPH)
Bottom of the 2nd over - 3 runs, 4 hits, 0 errors, 1 left on base; New York 0 - Baltimore 6
TOP OF THE 3RD
New York Yankees batting - Pitching for Baltimore Orioles : RHP Sean Parks
Batting: RHB Sean Neuroth 0-0: Called Strike
0-1: Swinging Strike
0-2: Foul Ball, location: 2F
0-2: Ball
1-2: Ball
2-2: SINGLE (Groundball, 56D, EV 99.4 MPH)
Batting: LHB Yao-pang Tien 0-0: SINGLE (Groundball, 6S, EV 70.0 MPH) (infield hit)
Sean Neuroth to second
Batting: LHB Jason Peck 0-0: TRIPLE (Line Drive, 78XD, EV 105.0 MPH)
Sean Neuroth scores
Yao-pang Tien scores
Batting: LHB Jordan de Jesus 0-0: DOUBLE (Line Drive, 78M, EV 98.8 MPH)
Jason Peck scores
Batting: LHB Evan Torraville 0-0: Called Strike
0-1: Ball
1-1: Ball
2-1: Foul Ball, location: 2F
2-2: Strikes out swinging
Batting: SHB Bartholomeu Chambino 0-0: Ball
1-0: Foul Ball, location: 2F
1-1: Ball
2-1: Swinging Strike
2-2: Foul Ball, location: 2F
2-2: Foul Ball, location: 2F
2-2: Ball
3-2: Foul Ball, location: 2F
3-2: Strikes out swinging
Batting: LHB Jim Skare 0-0: Ground out 2-3 (Groundball, 2L, EV 70.6 MPH)
Top of the 3rd over - 3 runs, 4 hits, 0 errors, 1 left on base; New York 3 - Baltimore 6
BOTTOM OF THE 3RD
Baltimore Orioles batting - Pitching for New York Yankees : RHP Jose Tavira
Batting: LHB Paul Diaz 0-0: SOLO HOME RUN (Line Drive, 7D, EV 100.0 MPH), Distance : 373 ft
Batting: LHB Gabe Pace 0-0: Ball
1-0: Fly out, F4 (Popup, 3S, EV 71.2 MPH)
Batting: LHB Bob Melley 0-0: Swinging Strike
0-1: Foul Ball, location: 2F
0-2: SINGLE (Flyball, 6D, EV 90.0 MPH)
Batting: RHB Darwin Mills 0-0: Called Strike
0-1: Foul Ball, location: 2F
0-2: Ground out 4-3 (Groundball, 34, EV 100.6 MPH)
Bob Melley to second
Batting: RHB Rudo Garciaparra 0-0: Ball
1-0: Called Strike
1-1: Ground out 5-3 (Groundball, 56, EV 111.2 MPH)
Bottom of the 3rd over - 1 run, 2 hits, 0 errors, 1 left on base; New York 3 - Baltimore 7
TOP OF THE 4TH
New York Yankees batting - Pitching for Baltimore Orioles : RHP Sean Parks
Batting: RHB Geni Prawiranega 0-0: Called Strike
0-1: Foul Ball, location: 2F
0-2: Ball
1-2: Ground out 6-3 (Groundball, 6, EV 105.0 MPH)
Batting: LHB David Bramble 0-0: Ball
1-0: Ball
2-0: Called Strike
2-1: Ball
3-1: DOUBLE (Flyball, 8LXD, EV 104.4 MPH)
Batting: RHB Sean Neuroth 0-0: SINGLE (Groundball, 56D, EV 104.4 MPH)
David Bramble to third
Runner from 3rd tries for Home, SAFE, throw by LF to home
Batting: LHB Yao-pang Tien 0-0: Ball
1-0: Ball
2-0: Ball
3-0: Base on Balls
Sean Neuroth to second
Batting: LHB Jason Peck 0-0: Swinging Strike
0-1: Foul Ball, location: 2F
0-2: Foul Ball, location: 2F
0-2: Ball
1-2: Ball
2-2: Strikes out looking
Batting: LHB Jordan de Jesus 0-0: DOUBLE (Line Drive, 7LM, EV 104.4 MPH)
Sean Neuroth scores
Yao-pang Tien to third
Runner from 3rd tries for Home, throw by LF and OUT! 7-6-2
Top of the 4th over - 2 runs, 3 hits, 0 errors, 1 left on base; New York 5 - Baltimore 7
BOTTOM OF THE 4TH
Baltimore Orioles batting - Pitching for New York Yankees : RHP Jose Tavira
Batting: RHB Andres Leon 0-0: Called Strike
0-1: Ball
1-1: Ball
2-1: Ball
3-1: Foul Ball, location: 2F
3-2: Base on Balls
Batting: RHB Saimei Kudo 0-0: Ball
Andres Leon steals 2nd base
1-0: Fly out, F6 (Popup, 6MD, EV 66.2 MPH)
Batting: SHB Jason Hayes 0-0: Ball
1-0: Ball
2-0: Fly out, F8 (Flyball, 8LS, EV 72.5 MPH)
Batting: LHB Brad Pepin 0-0: Ball
1-0: Foul Ball, location: 2F
1-1: Ball
2-1: Ball
3-1: Base on Balls
Batting: LHB Paul Diaz 0-0: Foul Ball, location: 2F
0-1: Swinging Strike
0-2: 3-RUN HOME RUN (Flyball, 9D, EV 96.9 MPH), Distance : 372 ft
Pitching: RHP Jason Greene
Batting: LHB Gabe Pace 0-0: Called Strike
0-1: Swinging Strike
0-2: Strikes out swinging
Bottom of the 4th over - 3 runs, 1 hit, 0 errors, 0 left on base; New York 5 - Baltimore 10
TOP OF THE 5TH
New York Yankees batting - Pitching for Baltimore Orioles : RHP Sean Parks
Batting: LHB Evan Torraville 0-0: Called Strike
0-1: Ground out 6-3 (Groundball, 6, EV 86.9 MPH)
Batting: SHB Bartholomeu Chambino 0-0: Ball
1-0: Called Strike
1-1: Ball
2-1: Swinging Strike
2-2: Strikes out swinging
Batting: LHB Jim Skare 0-0: Called Strike
0-1: Ball
1-1: Ball
2-1: Ball
3-1: Base on Balls
Pitching: RHP Josh Boyles
Batting: RHB Geni Prawiranega 0-0: Swinging Strike
0-1: Ball
1-1: Ball
2-1: Ball
3-1: Base on Balls
Jim Skare to second
Batting: LHB David Bramble 0-0: Ball
1-0: Fielders Choice at 2nd, 6-4 (Groundball, 4M, EV 111.2 MPH)
Top of the 5th over - 0 runs, 0 hits, 0 errors, 2 left on base; New York 5 - Baltimore 10
BOTTOM OF THE 5TH
Baltimore Orioles batting - Pitching for New York Yankees : RHP Jason Greene
Batting: LHB Bob Melley 0-0: Foul Ball, location: 2F
0-1: Foul Ball, location: 2F
0-2: Ball
1-2: Ball
2-2: Ground out 4-3 (Groundball, 34, EV 105.0 MPH)
Batting: RHB Darwin Mills 0-0: Ball
1-0: Foul Ball, location: 2F
1-1: Foul Ball, location: 2F
1-2: SOLO HOME RUN (Flyball, 89XD, EV 97.5 MPH), Distance : 391 ft
Batting: RHB Rudo Garciaparra 0-0: Called Strike
0-1: Ball
1-1: Foul Ball, location: 2F
1-2: Ball
2-2: Ball
3-2: Foul Ball, location: 2F
3-2: Base on Balls
Batting: RHB Andres Leon 0-0: Ball
1-0: Called Strike
Rudo Garciaparra steals 2nd, throwing error, E2
Rudo Garciaparra to third
1-1: Foul Ball, location: 2F
1-2: Ball
2-2: SINGLE (Line Drive, 9S, EV 100.0 MPH)
Rudo Garciaparra scores
Batting: RHB Saimei Kudo 0-0: Foul Ball, location: 2F
0-1: Foul Ball, location: 2F
0-2: Grounds into double play, 5-4-3 (Groundball, 5, EV 101.9 MPH)
Bottom of the 5th over - 2 runs, 2 hits, 1 error, 0 left on base; New York 5 - Baltimore 12
TOP OF THE 6TH
New York Yankees batting - Pitching for Baltimore Orioles : RHP Josh Boyles
Batting: RHB Sean Neuroth 0-0: Ball
1-0: Swinging Strike
1-1: Ground out 6-3 (Groundball, 6, EV 88.1 MPH)
Batting: LHB Yao-pang Tien 0-0: Swinging Strike
0-1: Called Strike
0-2: Ball
1-2: Ball
2-2: Fly out, F9 (Flyball, 9LS, EV 87.5 MPH)
Batting: LHB Jason Peck 0-0: Ball
1-0: Ball
2-0: Called Strike
2-1: Swinging Strike
2-2: Fly out, F8 (Flyball, 8RM, EV 85.6 MPH)
Top of the 6th over - 0 runs, 0 hits, 0 errors, 0 left on base; New York 5 - Baltimore 12
BOTTOM OF THE 6TH
Baltimore Orioles batting - Pitching for New York Yankees : RHP Jason Greene
Batting: SHB Jason Hayes 0-0: SINGLE (Groundball, 34, EV 109.4 MPH)
Pitching: RHP Tom Kelley
Batting: LHB Brad Pepin 0-0: Called Strike
0-1: Called Strike
0-2: Reached on error, E5 (Line Drive, 5, EV 70.6 MPH)
Jason Hayes to second
Batting: LHB Paul Diaz 0-0: Ball
1-0: Ball
2-0: Called Strike
2-1: Foul Ball, location: 2F
2-2: Foul Ball, location: 2F
2-2: Ball
3-2: Foul Ball, location: 2F
3-2: Foul Ball, location: 2F
3-2: Foul Ball, location: 2F
3-2: Base on Balls
Jason Hayes to third
Brad Pepin to second
Batting: LHB Gabe Pace 0-0: Ball
1-0: Called Strike
1-1: Foul Ball, location: 2F
1-2: Ball
2-2: Ball
3-2: Base on Balls
Jason Hayes scores
Brad Pepin to third
Paul Diaz to second
Pitching: LHP David Ibarra
Batting: LHB Bob Melley 0-0: Foul Ball, location: 2F
0-1: Fly out, F8 (Flyball, 8LXD, EV 96.9 MPH)
Runner from 3rd tags up, SCORES, no throw by CF
Batting: RHB Darwin Mills 0-0: Called Strike
0-1: Swinging Strike
0-2: Grounds into double play, 5-4-3 (Groundball, 56S, EV 91.9 MPH)
Bottom of the 6th over - 2 runs, 1 hit, 1 error, 1 left on base; New York 5 - Baltimore 14
TOP OF THE 7TH
New York Yankees batting - Pitching for Baltimore Orioles : RHP Josh Boyles
Batting: LHB Jordan de Jesus 0-0: Foul Ball, location: 2F
0-1: Called Strike
0-2: Ball
1-2: Foul Ball, location: 2F
1-2: Ball
2-2: Fly out, F8 (Line Drive, 8LM, EV 100.6 MPH)
Pitching: RHP Chris Dauphin
Batting: LHB Evan Torraville 0-0: Ball
1-0: Called Strike
1-1: Ball
2-1: Ball
3-1: Foul Ball, location: 2F
3-2: Strikes out swinging
Batting: SHB Bartholomeu Chambino 0-0: Ball
1-0: Ball
2-0: Swinging Strike
2-1: Foul Ball, location: 2F
2-2: Strikes out swinging
Top of the 7th over - 0 runs, 0 hits, 0 errors, 0 left on base; New York 5 - Baltimore 14
BOTTOM OF THE 7TH
Baltimore Orioles batting - Pitching for New York Yankees : LHP David Ibarra
Batting: RHB Rudo Garciaparra 0-0: Ball
1-0: Ball
2-0: Foul Ball, location: 2F
2-1: Ball
3-1: SINGLE (Line Drive, 7S, EV 105.0 MPH)
Batting: RHB Andres Leon 0-0: Ball
1-0: Foul Ball, location: 2F
1-1: Reached on error, E6 (Groundball, 6, EV 106.2 MPH)
Rudo Garciaparra to second
Batting: RHB Saimei Kudo 0-0: Called Strike
0-1: Ball
1-1: Ball
2-1: Ball
3-1: Fly out, F8 (Flyball, 8LD, EV 105.6 MPH)
Batting: SHB Jason Hayes 0-0: Called Strike
0-1: Called Strike
0-2: Ball
1-2: Ball
2-2: Ball
3-2: Strikes out swinging
Pinch Hitting: RHB Orlando Melchor 0-0: Called Strike
0-1: Ball
1-1: Foul Ball, location: 2F
1-2: Fly out, F7 (Flyball, 78D, EV 81.2 MPH)
Bottom of the 7th over - 0 runs, 1 hit, 1 error, 2 left on base; New York 5 - Baltimore 14
TOP OF THE 8TH
New York Yankees batting - Pitching for Baltimore Orioles : RHP Chris Dauphin
Now in RF: Orlando Melchor
Batting: LHB Jim Skare 0-0: Swinging Strike
0-1: Foul Ball, location: 2F
0-2: Ball
1-2: Strikes out swinging
Batting: RHB Geni Prawiranega 0-0: Ball
1-0: Ball
2-0: Ground out 6-3 (Groundball, 56D, EV 104.4 MPH)
Batting: LHB David Bramble 0-0: Ball
1-0: Foul Ball, location: 2F
1-1: SOLO HOME RUN (Flyball, 7LD, EV 98.8 MPH), Distance : 356 ft
Pitching: RHP Jay Rapini
Batting: RHB Sean Neuroth 0-0: Ground out 6-3 (Groundball, 6, EV 85.6 MPH)
Top of the 8th over - 1 run, 1 hit, 0 errors, 0 left on base; New York 6 - Baltimore 14
BOTTOM OF THE 8TH
Baltimore Orioles batting - Pitching for New York Yankees : LHP David Ibarra
Batting: LHB Paul Diaz 0-0: Called Strike
0-1: Ball
1-1: Foul Ball, location: 2F
1-2: Ball
2-2: Strikes out swinging
Batting: LHB Gabe Pace 0-0: Ground out U3 (Groundball, 3S, EV 84.4 MPH)
Batting: LHB Bob Melley 0-0: Ball
1-0: Ball
2-0: Foul Ball, location: 2F
2-1: Ball
3-1: Base on Balls
Batting: RHB Darwin Mills 0-0: Fielders Choice at 2nd, 6-4 (Groundball, 56, EV 88.8 MPH)
Bottom of the 8th over - 0 runs, 0 hits, 0 errors, 1 left on base; New York 6 - Baltimore 14
TOP OF THE 9TH
New York Yankees batting - Pitching for Baltimore Orioles : RHP Jay Rapini
Batting: LHB Yao-pang Tien 0-0: Foul Ball, location: 2F
0-1: SINGLE (Flyball, 34D, EV 90.6 MPH)
Batting: LHB Jason Peck 0-0: Fly out, F7 (Flyball, 7D, EV 100.6 MPH)
Batting: LHB Jordan de Jesus 0-0: Grounds into double play, 5-4-3 (Groundball, 15, EV 84.4 MPH)
Top of the 9th over - 0 runs, 1 hit, 0 errors, 0 left on base; New York 6 - Baltimore 14
Wednesday, June 22nd , 2022 - OOTP Baseball 23.4 Build 64